 Dungeon Crawl Stone Soup version 0.28-a0-1412-gf95308ed99 (webtiles) character file.

Game seed: 13671233977557556390

72 SensoryNuts the Skirmisher (level 4, -1/35 HPs)
             Began as a Demonspawn Fighter on Jan 6, 2022.
             Slain by a gnoll (3 damage)
             ... on level 3 of the Dungeon.
             The game lasted 00:02:33 (1964 turns).

SensoryNuts the Skirmisher (Demonspawn Fighter)     Turns: 1964, Time: 00:02:34

Health: -1/35      AC: 10    Str: 19    XL:     4   Next: 7%
Magic:  4/4        EV:  9    Int:  9    God:
Gold:   94         SH:  8    Dex: 12    Spells: 3/3 levels left

rFire   . . .      SeeInvis .   a - +0 long sword
rCold   . . .      Faith    .   c - +0 buckler
rNeg    . . .      Spirit   .   b - +0 scale mail
rPois   .          Reflect  .   (no helmet)
rElec   .          Harm     .   (no cloak)
rCorr   .          Rampage  .   (no gloves)
Will    .....                   (no boots)
Stlth   ..........              (no amulet)
HPRegen 0.11/turn               (no ring)
MPRegen 0.09/turn               (no ring)

@: lethally poisoned (-1 -> -3)
A: icemail 1, condensation shield, weakness stinger 1
a: no special abilities


You were on level 3 of the Dungeon.
You visited 1 branch of the dungeon, and saw 3 of its levels.

You collected 94 gold pieces.

Inventory:

Hand Weapons
 a - a +0 long sword (weapon)
Armour
 b - a +0 scale mail (worn)
 c - a +0 buckler (worn)
Scrolls
 e - 5 scrolls of identify {unknown}
Potions
 d - 2 potions of might
 f - 2 potions of attraction {unknown}
 g - a potion of heal wounds {unknown}
 h - a potion of curing {unknown}
 i - 2 potions of berserk rage {unknown}


   Skills:
 + Level 3.5 Fighting
 + Level 2.9 Long Blades
 + Level 3.1 Armour
 + Level 3.1 Shields


You had 3 spell levels left.
You didn't know any spells.
Your spell library contained the following spells:

 Spells                   Type           Power      Damage    Failure   Level
 Magic Dart               Conj           0%         1d3       85%         1
 Corpse Rot               Necr/Air       0%         N/A       94%         2
 Poisonous Vapours        Pois/Air       0%         N/A       94%         2
 Searing Ray              Conj           0%         2d4       94%         2
 Fulminant Prism          Conj/Hex       0%         3d6       100%        4


Dungeon Overview and Level Annotations

Branches:
Dungeon (3/15)

Altars:


Innate Abilities, Weirdness & Mutations

A meltable icy envelope protects you from harm. (AC +4)
A meltable shield of frost defends you. (SH +4)
You have a small tail.


Message History

The gnoll barely misses you.
You see here a scroll labelled COS SEREYST.
The gnoll hits you with a +0 flail!
The kobold throws a poisoned dart.
The poisoned dart hits you!
You are poisoned.
You feel sick.
You feel sick.
The kobold throws a poisoned dart.
The poisoned dart hits you.
You are more poisoned.
The gnoll misses you.
The gnoll hits you from afar with a +0 spear.
You feel very sick. The gnoll hits you but does no damage.
There is a large open door here.
You feel sick.
The kobold throws a poisoned dart.
The poisoned dart hits you!
You are more poisoned.
The gnoll hits you but does no damage.
There is a large open door here.
You feel very sick.
You closely miss the gnoll.
You feel very sick. You block the gnoll's attack. The gnoll closely misses you.
You hit the gnoll.
You tail-slap the gnoll, but do no damage.
The gnoll is lightly wounded.
You feel sick. You block the gnoll's attack.
The gnoll hits you but does no damage.
You feel sick. You block the gnoll's attack.
The gnoll hits you from afar with a +0 spear.
* * * LOW HITPOINT WARNING * * *
The gnoll hits you but does no damage.
There is a large open door here.
You hit the gnoll but do no damage.
* * * LOW HITPOINT WARNING * * *
You feel sick. You block the gnoll's attack. The gnoll closely misses you.
The gnoll hits you but does no damage. x2
You completely miss the gnoll.
* * * LOW HITPOINT WARNING * * *
You feel sick. The gnoll closely misses you. You block the gnoll's attack.
The gnoll hits you with a +0 spear.
You die...

###############
..............##
#†.........##..#
#..........###.##
#..........###..####
#..................#
########...........#
#.........g.#
#########@### .
####g####+###..
#...gK.........
#..............
#....?........#
#.......).....#
#.............#
#.............#
#...(.........#


You could see 3 gnolls and a kobold.

Vanquished Creatures
  A gnoll (D:3)
  An adder (D:2)
  2 worms (D:2)
  A dart slug (D:2)
  5 bats
  7 endoplasms
  4 giant cockroaches
  2 goblins
  3 hobgoblins
  4 quokkas
  3 ball pythons
  A frilled lizard (D:1)
  2 kobolds (D:1)
  7 rats
43 creatures vanquished.

Notes
Turn   | Place    | Note
-------+----------+-------------------------------------------
     0 | D:1      | SensoryNuts the Demonspawn Fighter began the quest for the
                  | Orb.
     0 | D:1      | Reached XP level 1. HP: 18/18 MP: 1/1
   200 | D:1      | Gained mutation: A meltable shield of frost defends you.
                  | (SH +4) [demonic ancestry]
   200 | D:1      | Reached XP level 2. HP: 3/24 MP: 2/2
   587 | D:1      | Found a faded altar of an unknown god.
  1234 | D:2      | Gained mutation: You have a small tail. [demonic ancestry]
  1234 | D:2      | Reached XP level 3. HP: 21/29 MP: 3/3
  1951 | D:3      | Gained mutation: A meltable icy envelope protects you from
                  | harm. (AC +4) [demonic ancestry]
  1951 | D:3      | Reached XP level 4. HP: 34/35 MP: 4/4
  1964 | D:3      | Slain by a gnoll

Illustrated notes

Levels and vault maps discovered:
D:1:      dpeg_arrival_rooms_c, layout_loops_ring,
          dreamdust_ecumenical_altar_grove
D:2:      layout_loops_ring
D:3:      layout_basic

Skill      XL: |  1  2  3 |
---------------+----------+-----
Armour         | 3 |  3.1
Long Blades    | 2 |  2.9
Shields        | 3 |  3.1
Fighting       | |  3.5

Action                   |  1- 3 |  4- 6 || total
-------------------------+-------+-------++-------
Melee: Long sword        |   131 |     4 ||   135
       Tailslap          |     6 |     1 ||     7
Armor: Scale mail        |    44 |     6 ||    50
Dodge: Dodged            |    55 |     6 ||    61
Block: Buckler           |    48 |     5 ||    53

Table legend: (Time is in decaauts)
 A = Elapsed time spent in this place.
 B = Non-inter-level travel time spent in this place.
 C = Inter-level travel time spent in this place.
 D = Time resting spent in this place.
 E = Time spent auto-exploring this place.
 F = Levels seen in this place.
 G = Mean time per level.
                   A        B        C        D        E       F      G
               +--------+--------+--------+--------+--------+-----+--------+
         Total |   2007 |   1964 |     43 |      0 |   1628 |   3 |  669.0 |
       Dungeon |   2007 |   1964 |     43 |      0 |   1628 |   3 |  669.0 |
               +--------+--------+--------+--------+--------+-----+--------+

Top non-repeatable levels by time:
     D:2: 958 daAuts
     D:1: 957 daAuts
     D:3: 91 daAuts
